 Dungeon Crawl Stone Soup version 0.29-a0-275-g389c0b56f3 (webtiles) character file.

Game seed: 10788634177455472745

149 testman the Chopper (level 5, -5/47 (48) HPs)
             Began as a Hill Orc Monk on Mar 11, 2022.
             Slain by Maggie
             ... wielding a +2 glaive of draining
              (10 damage)
             ... on level 6 of the Dungeon.
             The game lasted 00:07:19 (3292 turns).

testman the Chopper (Hill Orc Monk)                 Turns: 3292, Time: 00:07:19

HP:   -5/47 (48)    AC:  9    Str: 16    XL:     5   Next: 31%
MP:   5/5           EV: 10    Int: 12    God:
Gold: 165           SH:  0    Dex: 15    Spells: 4/4 levels left

rFire   + . .      SeeInvis .   a - +0 hand axe
rCold   . . .      Faith    .   (no shield)
rNeg    . . .      Spirit   .   p - +2 scale mail {Will+}
rPois   .          Reflect  .   (no helmet)
rElec   .          Harm     .   (no cloak)
rCorr   .          Rampage  .   m - +0 pair of gloves
Will    +....                   (no boots)
Stlth   +.........              s - amulet of the acrobat
HPRegen 0.15/turn               (no ring)
MPRegen 0.09/turn               (no ring)

@: lethally poisoned (-5 -> -19), attractive, mesmerised, lightly drained
A: agile 1, clever 1, fire resistance 1
a: no special abilities


You were on level 6 of the Dungeon.
You visited 1 branch of the dungeon, and saw 5 of its levels.

You collected 198 gold pieces.
You spent 33 gold pieces at shops.

Inventory:

Hand Weapons
 a - a +0 hand axe (weapon)
Missiles
 f - 142 stones (quivered)
 j - 13 poisoned darts
 n - 4 curare-tipped darts
 o - 5 javelins
Armour
 b - a +0 robe
 m - a +0 pair of gloves (worn)
 p - a +2 scale mail of willpower (worn)
Jewellery
 s - an amulet of the acrobat (around neck)
Scrolls
 e - a scroll of blinking
 g - 3 scrolls of identify
 i - a scroll of summoning
 k - 2 scrolls of teleportation
 t - a scroll of fear {unknown}
Potions
 h - a potion of magic
 q - a potion of invisibility {unknown}
 r - a potion of might {unknown}


   Skills:
 + Level 5.5 Fighting
 + Level 6.1 Axes
 - Level 2.4 Dodging
 - Level 1.5 Stealth


You had 4 spell levels left.
You didn't know any spells.
Your spell library contained the following spells:

 Spells                   Type           Power      Damage    Failure   Level
 Gell's Gravitas          Tloc           0%         N/A       98%         3
 Lesser Beckoning         Tloc           0%         N/A       98%         3
 Teleport Other           Tloc           0%         N/A       98%         3


Dungeon Overview and Level Annotations

Branches:
Dungeon (4/15)
 Temple: D:4-7

Altars:
Yredelemnul

Shops:
D:2 ?

Annotations:
D:6 Maggie


Innate Abilities, Weirdness & Mutations

You are agile. (Dex +2)
Your mind is acute. (Int +2)
Your flesh is heat resistant. (rF+)


Message History

You feel sick.
Maggie the Vainglorious comes into view.
She is wielding a +2 glaive of draining.
The scorpion misses you.
It was a potion of magic.
Magic courses through your body.
You feel sick.
You are no longer poisoned.
Maggie shouts!
The scorpion stings you.
* * * LOW HITPOINT WARNING * * *
You are lethally poisoned!
The scorpion poisons you!
Maggie mumbles some strange words.
Maggie attempts to bespell you!
You are mesmerised by Maggie!
You are confused.
You feel invigorated.
* * * LOW HITPOINT WARNING * * *
You feel very sick.
The scorpion stings you but does no damage.
The scorpion attacks as you move away!
The scorpion stings you but does no damage.
You feel sick.
It was a potion of mutation.
You feel extremely strange.
You feel agile.
You feel clever.
You feel resistant to heat.
You feel sick. The scorpion stings you.
* * * LOW HITPOINT WARNING * * *
You are lethally poisoned!
The scorpion poisons you!
Maggie hits you from afar with a +2 glaive of draining.
* * * LOW HITPOINT WARNING * * *
You feel drained.
* * * LOW HITPOINT WARNING * * *
It was a potion of attraction.
You feel attractive to monsters.
You feel less invigorated.
You feel less confused.
* * * LOW HITPOINT WARNING * * *
You feel very sick.
The scorpion stings you but does no damage.
Maggie hits you from afar with a +2 glaive of draining!
You die...

#.....J.....#...##
..................
##.#..##.........#
#..........##...
#.##.##..O...... #
#.......####.
#......## ###
#....#.#####.....
.......#.Os@.@..#
........######.##
.##.#... #.#... #
#.#. ..#. .. ..


You could see Maggie (mesmerising), an ogre and a scorpion.

Vanquished Creatures
  A howler monkey (D:6)
  3 adders
  4 worms
  2 dart slugs
  4 orcs (D:3)
  5 bats
  3 endoplasms
  5 giant cockroaches
  4 goblins (D:1)
  5 hobgoblins
  7 jackals
  7 kobolds
  A quokka (D:4)
  5 ball pythons
  3 frilled lizards
  A rat (D:2)
60 creatures vanquished.

Notes
Turn   | Place    | Note
-------+----------+-------------------------------------------
     0 | D:1      | testman the Hill Orc Monk began the quest for the Orb.
     0 | D:1      | Reached XP level 1. HP: 19/19 MP: 1/1
   362 | D:1      | Reached XP level 2. HP: 25/27 MP: 2/2
   964 | D:1      | Reached XP level 3. HP: 33/34 MP: 3/3
  1028 | D:2      | Found Ykaul's Magic Scroll Shoppe.
  1037 | D:2      | Bought a scroll of teleportation for 33 gold pieces
  1413 | D:2      | Reached skill level 5 in Axes
  2257 | D:3      | Reached XP level 4. HP: 39/41 MP: 4/4
  2532 | D:3      | Reached skill level 5 in Fighting
  3182 | D:4      | Found a basalt altar of Yredelemnul.
  3207 | D:4      | You fall into a shaft and drop 2 floors!
  3261 | D:6      | Noticed a necrophage
  3274 | D:6      | Noticed a scorpion
  3275 | D:6      | Noticed an ogre
  3278 | D:6      | Reached skill level 6 in Axes
  3278 | D:6      | Reached XP level 5. HP: 32/48 MP: 5/5
  3287 | D:6      | Noticed Maggie
  3291 | D:6      | Gained mutation: You are agile. (Dex +2) [potion of
                  | mutation]
  3291 | D:6      | Gained mutation: Your mind is acute. (Int +2) [potion of
                  | mutation]
  3291 | D:6      | Gained mutation: Your flesh is heat resistant. (rF+)
                  | [potion of mutation]
  3292 | D:6      | Slain by Maggie

Illustrated notes

Levels and vault maps discovered:
D:1:      tarquinn_simple_flora_water_e, layout_basic,
          hellmonk_ecumenical_altar_defaced_shrine, minmay_box_of_dots
D:2:      layout_loops_cross, serial_shops, shop_fountains, minivault_25
D:3:      layout_loops_cross
D:4:      layout_cave_pools, lemuel_coloured_pillars_altar,
          portal_sewer_entry_c, minmay_divided_ellipse, uniq_sigmund,
          uniq_grinder
D:6:      layout_basic, minmay_misc_feat_columns, item_on_display_a,
          uniq_maggie, uniq_edmund

Skill      XL: |  1  2  3  4 |
---------------+-------------+-----
Fighting       | 4 5 |  5.5
Axes           | 5 6 |  6.1
Dodging        | |  2.4
Stealth        | |  1.5

Action                   |  1- 3 |  4- 6 || total
-------------------------+-------+-------++-------
Melee: Hand axe          |   143 |    78 ||   221
       Punch             |     1 |       ||     1
  Use: Scroll            |       |     3 ||     3
       Potion            |       |     4 ||     4
 Stab: Sleeping          |     5 |       ||     5
Armor: Robe              |    15 |       ||    15
       Scale mail        |    23 |    40 ||    63
Dodge: Dodged            |    92 |    39 ||   131

Table legend: (Time is in decaauts)
 A = Elapsed time spent in this place.
 B = Non-inter-level travel time spent in this place.
 C = Inter-level travel time spent in this place.
 D = Time resting spent in this place.
 E = Time spent auto-exploring this place.
 F = Levels seen in this place.
 G = Mean time per level.
                   A        B        C        D        E       F      G
               +--------+--------+--------+--------+--------+-----+--------+
         Total |   3303 |   3140 |    163 |    396 |   2243 |   5 |  660.6 |
       Dungeon |   3303 |   3140 |    163 |    396 |   2243 |   5 |  660.6 |
               +--------+--------+--------+--------+--------+-----+--------+

Top non-repeatable levels by time:
     D:3: 1042 daAuts
     D:2: 1036 daAuts
     D:1: 1011 daAuts
     D:4: 128 daAuts
     D:6: 84 daAuts
